 Dungeon Crawl Stone Soup version 0.26-a0-670-g578ab304f5 (webtiles) character file.

Game seed: 17384411508791955615

221 PentaManta the Ruffian (level 5, -1/40 HPs)
             Began as a Ghoul Artificer on Oct 19, 2020.
             Slain by a big kobold
             ... wielding a +0 whip
              (4 damage)
             ... in a sewer.
             The game lasted 00:06:16 (3038 turns).

PentaManta the Ruffian (Ghoul Artificer)            Turns: 3038, Time: 00:06:16

Health: -1/40      AC:  6    Str: 15 (17) XL:     5   Next: 98%
Magic:  4/4        EV: 10    Int:  6      God:
Gold:   136        SH:  0    Dex:  8 (9)  Spells: 4/4 levels left

rFire    + . .     SeeInvis .     - Unarmed
rCold    + . .     Faith    .   (no shield)
rNeg     + + +     Spirit   .   n - +0 ring mail {rF+}
rPois    ∞         Reflect  .   f - +0 helmet
rElec    .         Harm     .   (no cloak)
rCorr    .         Rampage  .   (no gloves)
MR       .....                  (no boots)
Stlth    +.........             (no amulet)
HPRegen  0.00/turn              k - ring of wizardry
MPRegen  0.09/turn              (no ring)

@: stab, flying
A: rotting body, claws 1, cold resistance 1, negative energy resistance 3,
inhibited regeneration, torment resistance, unbreathing
a: no special abilities


You were in a sewer.
You visited 1 branch of the dungeon, and saw 3 of its levels.
You also visited: Sewer.

You collected 136 gold pieces.

Inventory:

Missiles
 h - 21 poisoned darts (quivered)
 i - 51 stones
Armour
 f - a +0 helmet (worn)
 n - a +0 ring mail of fire resistance (worn)
 u - a +0 chain mail
Jewellery
 k - a ring of wizardry (left claw)
Wands
 c - a wand of flame (15)
 d - a wand of enslavement (15)
 e - a wand of random effects (15)
Scrolls
 a - a scroll of magic mapping
 b - a scroll of teleportation {unknown}
 g - a scroll of enchant weapon {unknown}
 j - a scroll of immolation {unknown}
 m - a scroll of enchant armour {unknown}
 p - a scroll of fear {unknown}
 v - a scroll of identify {unknown}
Potions
 l - a potion of magic {unknown}
 q - a potion of haste {unknown}
 r - a potion of degeneration {unknown}
 s - a potion of mutation
 x - a potion of might {unknown}


   Skills:
 - Level 1.1 Fighting
 - Level 1.7 Armour
 - Level 0.8 Dodging
 - Level 1.1 Stealth
 + Level 6.1 Unarmed Combat
 - Level 2.6 Evocations


You had 4 spell levels left.
You didn't know any spells.
Your spell library contained the following spells:

 Spells                   Type           Power        Failure   Level
 Confusing Touch          Hex            #.......     71%         3
 Gell's Gravitas          Tloc           #.........   71%         3
 Petrify                  Tmut/Erth      #.......     97%         4
 Metabolic Englaciation   Hex/Ice        #.........   100%        5
 Yara's Violent Unravell  Hex/Tmut       #.........   100%        5


Dungeon Overview and Level Annotations

Branches:
Dungeon (3/15)              Sewer (1/1)

Altars:
Ashenzari
Fedhas


Innate Abilities, Weirdness & Mutations

Your body is rotting away.
You thrive by killing the living.
You are immune to poison.
You have sharp fingernails.
Your flesh is cold resistant. (rC+)
You are immune to negative energy. (rN+++)
You do not regenerate when monsters are visible.
You are immune to unholy pain and torment.
You can survive without breathing.


Message History

It was a potion of mutation.
You feel extremely strange.
Your body decomposes!
You feel clumsy.
Your body decomposes!
You feel weakened.
Your body decomposes!
You feel weakened. The big kobold closely misses you.
The big kobold hits you but does no damage.
It was a potion of stabbing.
You feel ready to backstab. The big kobold closely misses you.
The big kobold hits you.
* * * LOW HITPOINT WARNING * * *
You see here a rat corpse.
It was a potion of flight.
You feel very buoyant.
You fly up into the air.
The big kobold hits you but does no damage.
The big kobold hits you with a +0 whip.
You die...

≈≈≈≈#......#
≈≈≈≈≈#......#
.P≈≈≈≈#......#
#.....##
#.....#
#....†#
#.....##
#P..P..##
≈#≈≈...@.##
≈≈≈≈≈P.KK..#
≈≈#P≈......#
≈≈≈≈P≈.....##
≈≈#≈≈.......#
≈≈#P...P††..#
#........##
#........#
#P≈......#


You could see 2 big kobolds.

Vanquished Creatures
  9 adders
  6 oozes
  3 worms
  4 dart slugs
  6 leopard geckos
  An orc (D:3)
  4 ball pythons
  10 giant cockroaches
  10 goblins
  11 hobgoblins
  7 bats
  6 frilled lizards
  9 kobolds
  6 rats
92 creatures vanquished.

Notes
Turn   | Place    | Note
-------+----------+-------------------------------------------
     0 | D:1      | PentaManta the Ghoul Artificer began the quest for the Orb.
     0 | D:1      | Reached XP level 1. HP: 16/16 MP: 0/0
   158 | D:1      | Reached skill level 1 in Unarmed Combat
   207 | D:1      | Reached XP level 2. HP: 23/23 MP: 1/1
   221 | D:1      | Reached skill level 2 in Unarmed Combat
   550 | D:1      | Reached XP level 3. HP: 25/28 MP: 2/2
   602 | D:1      | Reached skill level 3 in Unarmed Combat
  1042 | D:2      | Found a broken altar of Ashenzari.
  1342 | D:2      | Reached XP level 4. HP: 25/35 MP: 3/3
  1349 | D:2      | Reached skill level 4 in Unarmed Combat
  1850 | D:2      | Reached skill level 5 in Unarmed Combat
  1850 | D:2      | Reached XP level 5. HP: 36/40 MP: 4/4
  2463 | D:3      | Found a blossoming altar of Fedhas.
  2779 | D:3      | Found a glowing drain.
  2796 | Sewer    | Entered a sewer
  2927 | Sewer    | Reached skill level 6 in Unarmed Combat
  2999 | Sewer    | Noticed a big kobold
  2999 | Sewer    | Noticed a big kobold
  3038 | Sewer    | Slain by a big kobold

Illustrated notes

Levels and vault maps discovered:
D:1:      sevenhm_arrival_forest_fort_large_3, layout_loops_corners,
          serial_park_tiny_2
D:2:      layout_basic, overflow_temple_1_default, minmay_octomino_c4
D:3:      layout_basic, old_standard_altar, lemuel_round_altar,
          portal_sewer_entry_f
Sewer:    kennysheep_pipe_town

Skill      XL: |  1  2  3  4  5 |
---------------+----------------+-----
Unarmed Combat | 1 2 3 5 6 |  6.1
Fighting       | |  1.1
Armour         | |  1.7
Dodging        | |  0.8
Stealth        | |  1.1
Evocations     | |  2.6

Action                   |  1- 3 |  4- 6 || total
-------------------------+-------+-------++-------
Melee: Unarmed           |   115 |   209 ||   324
       Punch             |       |     1 ||     1
  Use: Potion            |       |     5 ||     5
       Scroll            |       |     1 ||     1
 Stab: Sleeping          |     1 |       ||     1
Armor: Leather armour    |    10 |       ||    10
       Ring mail         |    37 |   116 ||   153
Dodge: Dodged            |    52 |   124 ||   176

Table legend: (Time is in decaauts)
 A = Elapsed time spent in this place.
 B = Non-inter-level travel time spent in this place.
 C = Inter-level travel time spent in this place.
 D = Time resting spent in this place.
 E = Time spent auto-exploring this place.
 F = Levels seen in this place.
 G = Mean time per level.
                   A        B        C        D        E       F      G
               +--------+--------+--------+--------+--------+-----+--------+
         Total |   3021 |   2930 |     91 |     95 |   2159 |   4 |  755.2 |
       Dungeon |   2778 |   2687 |     91 |      0 |   2114 |   3 |  926.0 |
         Sewer |    242 |    242 |      0 |     95 |     45 |   1 |  242.0 |
               +--------+--------+--------+--------+--------+-----+--------+

Top non-repeatable levels by time:
     D:2: 1319 daAuts
     D:1: 1029 daAuts
     D:3: 429 daAuts
   Sewer: 242 daAuts
